 Dungeon Crawl Stone Soup version 0.31-a0-117-g42d8f58691 (webtiles) character file.

Game seed: 9820487250589523479

73 MacCMillion the Grasshopper (level 4, -5/36 HPs)
             Began as a Draconian Warper on May 31, 2023.
             Slain by Grinder (8 damage)
             ... on level 3 of the Dungeon.
             The game lasted 00:03:19 (1664 turns).

MacCMillion the Grasshopper (Draconian Warper)      Turns: 1664, Time: 00:03:19

Health: -5/36      AC:  5    Str: 15    XL:     4   Next: 8%
Magic:  7/7        EV: 12    Int: 14    God:
Gold:   162        SH:  0    Dex: 10    Spells: 5/7 levels left

rFire   . . .        a - +0 mace
rCold   . . .        (no shield)
rNeg    . . .        (body armour unavailable)
rPois   .            (helmet restricted)
rElec   .            (no cloak)
rCorr   .            (no gloves)
SInv    .            (no boots)
Will    .....        (no amulet)
Stlth   +            (no ring)
HPRegen 0.26/turn    (no ring)
MPRegen 0.10/turn

%: no passive effects
@: no status effects
A: AC +5, unfitting armour, cold-blooded
a: no special abilities


You were on level 3 of the Dungeon.
You visited 1 branch of the dungeon, and saw 3 of its levels.

You collected 162 gold pieces.

Inventory:

Hand Weapons
 a - a +0 mace (weapon)
Missiles
 c - 7 boomerangs of dispersal (quivered)
Scrolls
 b - a scroll of blinking
 f - 5 scrolls of identify {unknown}
 h - a scroll of fog {unknown}
 i - 2 scrolls of poison {unknown}
Potions
 d - a potion of mutation {unknown}
 e - a potion of ambrosia {unknown}
 g - a potion of invisibility {unknown}
 j - a potion of curing {unknown}
 k - a potion of haste {unknown}


   Skills:
 - Level 2.1 Fighting
 + Level 3.4 Maces & Flails
 - Level 0.8 Throwing
 - Level 2.1 Dodging
 - Level 2.0 Spellcasting
 + Level 4.1 Translocations


You had 5 spell levels left.
You knew the following spells:

 Your Spells              Type           Power      Damage    Failure   Level
a - Blink                 Tloc           24%        N/A       7%          2

Your spell library contained the following spells:

 Spells                   Type           Power      Damage    Failure   Level
 Apportation              Tloc           24%        N/A       4%          1
 Lesser Beckoning         Tloc           24%        N/A       7%          2
 Teleport Other           Tloc           12%        N/A       13%         3
 Necrotise                Necr           4%         1d4       24%         1
 Summon Small Mammal      Summ           4%         N/A       24%         1
 Vhi's Electric Charge    Tloc/Air       14%        N/A       30%         3
 Manifold Assault         Tloc           12%        N/A       41%         4


Dungeon Overview and Level Annotations

Branches:
Dungeon (3/15)

Altars:

Shops:
D:2 =

Annotations:
D:3 Grinder


Innate Abilities, Weirdness & Mutations

Your plain brown scales are hard. (AC +5)
You cannot fit into any form of body armour.
You are cold-blooded and may be slowed by cold attacks.


Message History

Grinder misses you.
You closely miss Grinder.
Grinder is heavily wounded.
Grinder blinks!
Found a bubbling yellow potion.
You see here a bubbling yellow potion.
A goblin comes into view. It is wielding a +0 dagger.
The goblin shouts!
Found a stone staircase leading down.
The goblin hits you with a +0 dagger.
You miss the goblin. You tail-slap the goblin.
The goblin is heavily wounded.
The goblin hits you but does no damage. x2
You closely miss the goblin.
The goblin is heavily wounded.
Grinder blinks!
The goblin hits you but does no damage.
You completely miss the goblin.
The goblin is heavily wounded.
The goblin barely misses you.
You barely miss the goblin. You tail-slap the goblin.
You kill the goblin!
You barely miss Grinder.
Grinder is heavily wounded.
Grinder hits you.
You writhe in agony.
* * * LOW HITPOINT WARNING * * *
Grinder hits you but does no damage.
You hit Grinder.
Grinder is heavily wounded.
Grinder hits you.
* * * LOW HITPOINT WARNING * * *
You writhe in agony.
* * * LOW HITPOINT WARNING * * *
You hit Grinder.
Grinder is severely wounded.
Grinder gestures at you. Pain shoots through your body!
* * * LOW HITPOINT WARNING * * *
You closely miss Grinder.
Grinder is heavily wounded.
Grinder hits you!
You die...

#.<....# ##.#..##
#.#.5# #. #.#..###
#.### #....5.# .....#
#....####.# .......#
#....# #!# ..........
#...####
#.######............
#...
#....@5.............##
#.#
#######..#..>....)[.<#
## ## .........
......?.. .?.......
......... .........
........# .........


You could see Grinder.

Vanquished Creatures
  2 adders (D:2)
  3 dart slugs (D:1)
  5 ball pythons
  5 bats (D:1)
  4 endoplasms
  9 goblins
  6 hobgoblins
  3 kobolds (D:2)
  5 frilled lizards
  4 rats
46 creatures vanquished.

Notes
Turn   | Place    | Note
-------+----------+-------------------------------------------
     0 | D:1      | MacCMillion the Draconian Warper began the quest for the
                  | Orb.
     0 | D:1      | Reached XP level 1. HP: 17/17 MP: 3/3
   266 | D:1      | Reached XP level 2. HP: 18/24 MP: 5/5
   585 | D:1      | Learned a level 2 spell: Blink
   627 | D:1      | Reached XP level 3. HP: 29/29 MP: 6/6
   987 | D:2      | Found Uraipnudgh's Jewellery Emporium.
  1125 | D:2      | Reached skill level 4 in Translocations
  1396 | D:2      | Reached XP level 4. HP: 36/36 MP: 7/7
  1618 | D:3      | Noticed Grinder
  1640 | D:3      | Paralysed by Grinder for 4 turns
  1664 | D:3      | Slain by Grinder

Illustrated notes

Levels and vault maps discovered:
D:1:      minmay_arrival_plants_in_alcoves, layout_basic, serial_rivers,
          chequers_serial_rivers_micro_c, chequers_serial_rivers_small_a,
          chequers_serial_rivers_small_3, chequers_serial_rivers_large_a,
          chequers_serial_rivers_micro_a, minmay_indecisive_spiral
D:2:      layout_rooms, serial_shops, shop
D:3:      layout_rooms, uniq_grinder

Skill      XL: |  1  2  3 |
---------------+----------+-----
Maces & Flails | 3 |  3.4
Translocations | 4 |  4.1
Fighting       | |  2.1
Throwing       | |  0.8
Dodging        | |  2.1
Spellcasting   | |  2.0

Action                     |  1- 3 |  4- 6 || total
---------------------------+-------+-------++-------
  Melee: Mace              |   137 |    32 ||   169
         Tailslap          |    10 |     5 ||    15
         Punch             |     1 |       ||     1
   Cast: Blink             |     2 |       ||     2
   Stab: Sleeping          |     4 |       ||     4
 Armour: Skin              |    59 |     6 ||    65
  Dodge: Dodged            |   117 |    14 ||   131

Table legend: (Time is in decaauts)
 A = Elapsed time spent in this place.
 B = Non-inter-level travel time spent in this place.
 C = Inter-level travel time spent in this place.
 D = Time resting spent in this place.
 E = Time spent auto-exploring this place.
 F = Levels seen in this place.
 G = Mean time per level.
                   A        B        C        D        E       F      G
               +--------+--------+--------+--------+--------+-----+--------+
         Total |   1728 |   1676 |     52 |    278 |    940 |   3 |  576.0 |
       Dungeon |   1728 |   1676 |     52 |    278 |    940 |   3 |  576.0 |
               +--------+--------+--------+--------+--------+-----+--------+

Top non-repeatable levels by time:
     D:1: 1033 daAuts
     D:2: 642 daAuts
     D:3: 53 daAuts
